 Dungeon Crawl Stone Soup version 0.23-a0-183-gf37f6fb109 (webtiles) character file.

237 PikkenKukken the Poker (level 5, -8/39 HPs)
             Began as a Demonspawn Gladiator on Sept 21, 2018.
             Was an Initiate of Okawaru.
             Mangled by Menkaure (10 damage)
             ... on level 4 of the Dungeon.
             The game lasted 00:06:42 (3629 turns).

PikkenKukken the Poker (Demonspawn Gladiator)       Turns: 3629, Time: 00:06:42

Health: -8/39      AC:  9    Str: 16    XL:     5   Next: 77%
Magic:  6/6        EV:  7    Int:  9    God:    Okawaru [......]
Gold:   146        SH: 11    Dex: 14    Spells: 4/4 levels left

rFire    . . .     SeeInvis .   a - +1 trident
rCold    + . .     Gourm    .   m - +0 large shield
rNeg     . . .     Faith    .   n - +0 ring mail
rPois    .         Spirit   .   c - +0 helmet
rElec    .         Reflect  .   (no cloak)
rCorr    .         Harm     .   j - +0 pair of gloves
MR       .....                  (no boots)
Stlth    ..........             (no amulet)
HPRegen  0.13/turn              (no ring)
MPRegen  0.10/turn              (no ring)

@: no status effects
A: hooves 1, thin metallic scales 1, cold resistance 1
a: Renounce Religion


You were on level 4 of the Dungeon.
You worshipped Okawaru.
Okawaru was noncommittal.
You were not hungry.

You visited 1 branch of the dungeon, and saw 4 of its levels.

You collected 146 gold pieces.

Inventory:

Hand Weapons
 a - a +1 trident (weapon)
Armour
 b - a +0 leather armour
 c - a +0 helmet (worn)
 j - a +0 pair of gloves (worn)
 m - a +0 large shield (worn)
 n - a +0 ring mail (worn)
Scrolls
 h - a scroll of teleportation
 k - a scroll of remove curse
 q - a scroll of fear
Potions
 e - a potion of magic
 g - 2 potions of heal wounds
 i - a potion of agility
 l - 2 potions of flight
 o - a potion of brilliance {unknown}
Comestibles
 f - 7 rations


   Skills:
 + Level 2.7 Fighting
 * Level 4.0 Polearms
 + Level 2.5 Throwing
 + Level 1.8 Armour
 + Level 3.2 Dodging
 + Level 1.0 Shields
 + Level 1.6 Invocations


You had 4 spell levels left.
You didn't know any spells.
Your spell library was empty.

Dungeon Overview and Level Annotations

Branches:
Dungeon (4/15)
 Temple: D:4-7

Altars:
Cheibriados
Dithmenos
Fedhas
Gozag
Hepliaklqana
Nemelex Xobeh
Okawaru
Sif Muna
Xom
Zin

Annotations:
D:3 1 runed door, Heliocid's ghost, amateur TeCj
D:4 Menkaure


Innate Abilities, Weirdness & Mutations

You have large cloven feet.
You are partially covered in thin metallic scales. (AC +2)
Your flesh is cold resistant. (rC+)


Message History

Press: ? - help, Shift-Dir - straight line, f/p - orc wizard
Aim: an orc wizard, wielding a dagger of distortion and wearing a robe (heavily
Okay, then.
Unknown command.
You hit Menkaure but do no damage. You kick Menkaure, but do no damage.
Menkaure is moderately damaged.
You block Menkaure's attack.
The orc wizard mumbles some strange words.
The orc wizard flickers and vanishes!
Something wriggles in the net.
Menkaure barely misses you.
You hit Menkaure but do no damage.
Menkaure is moderately damaged.
Menkaure hits you!!
* * * LOW HITPOINT WARNING * * *
Something wriggles in the net.
All of a sudden the net rips apart!
Your shield and ring mail prevent you from hitting Menkaure.
You kick Menkaure, but do no damage.
Menkaure is moderately damaged.
Menkaure hits you!
You die...

#.# #.# #.# #.# #.# #.#
###.# #.# #####.# ...#
##.###...... ###
##.###...##.###.# ...
#.>.........# #.#
#####.####..###...######.#
.....(......# ##......$#.#
.......$.@M{# #######.#..
#####.#####.....# #.### #
##>....# #..# ...... ##.#
.....# #.# #...## ##.##
#.## #...# .# #.#.#
####...#


You could see Menkaure.

Vanquished Creatures
  An orc priest (D:3)
  An iguana (D:4)
  6 gnolls
  3 adders
  3 worms (D:3)
  2 leopard geckos
  4 orcs
  4 bats
  6 giant cockroaches
  9 goblins
  9 hobgoblins
  11 jackals
  A quokka (D:3)
  3 frilled lizards
  5 kobolds (D:1)
  10 rats
78 creatures vanquished.

Notes
Turn   | Place    | Note
-------+----------+-------------------------------------------
     0 | D:1      | PikkenKukken the Demonspawn Gladiator began the quest for
                  | the Orb.
     0 | D:1      | Reached XP level 1. HP: 16/16 MP: 1/1
   147 | D:1      | Gained mutation: You have large cloven feet. [demonic
                  | ancestry]
   147 | D:1      | Reached XP level 2. HP: 22/22 MP: 2/2
   277 | D:1      | Reached skill level 3 in Polearms
   731 | D:2      | Reached skill level 1 in Armour
   731 | D:2      | Gained mutation: You are partially covered in thin metallic
                  | scales. (AC +2) [demonic ancestry]
   731 | D:2      | Reached XP level 3. HP: 27/27 MP: 3/3
  1028 | D:2      | Found an iron altar of Okawaru.
  1055 | D:2      | Reached XP level 4. HP: 25/34 MP: 4/4
  1177 | D:2      | Became a worshipper of Warmaster Okawaru
  1283 | D:2      | Found a blossoming altar of Fedhas.
  1590 | D:2      | Found a deep blue altar of Sif Muna.
  2093 | D:3      | Reached skill level 1 in Invocations
  2399 | D:3      | Found a sparkling altar of Nemelex Xobeh.
  2400 | D:3      | Found a shadowy altar of Dithmenos.
  2402 | D:3      | Found an opulent altar of Gozag.
  2402 | D:3      | Found a snail-covered altar of Cheibriados.
  2428 | D:3      | Gained mutation: Your flesh is cold resistant. (rC+)
                  | [demonic ancestry]
  2428 | D:3      | Reached XP level 5. HP: 24/39 MP: 5/5
  2541 | D:3      | Found a hazy altar of Hepliaklqana.
  2546 | D:3      | Found a glowing silver altar of Zin.
  2633 | D:3      | Found a runed door.
  2633 | D:3      | Noticed Heliocid's ghost (amateur TeCj)
  2676 | D:3      | Found a shimmering altar of Xom.
  2985 | D:4      | Found a shimmering altar of Xom.
  3184 | D:4      | Found a shimmering altar of Xom.
  3186 | D:4      | Found a shimmering altar of Xom.
  3186 | D:4      | Found a shimmering altar of Xom.
  3188 | D:4      | Found a shimmering altar of Xom.
  3190 | D:4      | Found a shimmering altar of Xom.
  3190 | D:4      | Found a shimmering altar of Xom.
  3230 | D:3      | Reached skill level 4 in Polearms
  3234 | D:3      | Reached skill level 1 in Shields
  3619 | D:4      | Noticed Menkaure
  3629 | D:4      | Mangled by Menkaure

Vault maps used:
D:1:      matt_arrival_refuge
D:2:      fedhas_altar_fruit_tree, lemuel_coloured_pillars_altar,
          okawaru_gym_becter
D:3:      nicolae_overflow_hidden_temple, grunt_temple_overflow_open,
          first_ration, hellmonk_ghost_happy_afterlife, minmay_misc_feat_rows,
          grunt_ministairs_15
D:4:      nicolae_xom_altar_mimics, uniq_menkaure

Skill      XL: |  1  2  3  4  5 |
---------------+----------------+-----
Throwing       | 2 |  2.5
Polearms       | 3 4 |  4.0
Armour         | 1 |  1.8
Dodging        | 3 |  3.2
Invocations    | 1 |  1.6
Shields        | 1 |  1.0
Fighting       | |  2.7

Action                   |  1- 3 |  4- 6 || total
-------------------------+-------+-------++-------
Melee: Trident           |    96 |   169 ||   265
       Kick              |    11 |    27 ||    38
Throw: Throwing net      |     3 |     1 ||     4
  Use: Scroll            |     7 |     3 ||    10
 Stab: Sleeping          |     1 |       ||     1
  Eat: Chunk             |       |     7 ||     7
       Ration            |       |     1 ||     1
Armor: Leather armour    |    12 |    42 ||    54
       Ring mail         |       |    14 ||    14
Dodge: Dodged            |    53 |    48 ||   101
Block: Large shield      |       |    89 ||    89

Table legend:
 A = Non-vault XP
 B = Vault XP
 C = Vault XP percentage of total XP
 D = Non-vault monster count
 E = Vault monster count
 F = Vault count percentage of total count
                 A         B        C        D         E       F
            +---------+---------+-------+---------+---------+-------
      Total |     331 |       8 |   2.4 |      76 |       2 |   2.6
            +---------+---------+-------+---------+---------+-------
        D:1 |      37 |       0 |   0.0 |      23 |       0 |   0.0
        D:2 |      86 |       0 |   0.0 |      22 |       0 |   0.0
        D:3 |     144 |       8 |   5.3 |      24 |       2 |   7.7
        D:4 |      64 |       0 |   0.0 |       7 |       0 |   0.0
            +---------+---------+-------+---------+---------+-------
